 Dungeon Sprint DCSS version 0.31-a0-801-gc67433417a (webtiles) character file.

Game seed: 14713851912056478752

959 Ordine the Grappler (level 8, -2/63 HPs)
             Began as a Merfolk Shapeshifter on Sept 20, 2023.
             Was an Initiate of Wu Jian.
             Slain by a deep troll (8 damage)
             ... in the Dungeon (Sprint I: "Red Sonja").
             The game lasted 00:03:10 (440 turns).

Ordine the Grappler (Merfolk Shapeshifter)           Turns: 440, Time: 00:03:11

Health: -2/63      AC:  2    Str: 17    XL:     8   Next: 14%
Magic:  8/8        EV: 15    Int:  9    God:    Wu Jian [......]
Gold:   417        SH:  0    Dex: 13    Spells: 7/7 levels left

rFire   . .          .
                       - Unarmed
rCold   . . .        (shield currently unavailable)
rNeg    . . .        a - +0 animal skin
rPois   .            (no helmet)
rElec   .            (no cloak)
rCorr   .            (no gloves)
SInv    .            (no boots)
Will    .....        (no amulet)
Stlth   +            (no ring)
HPRegen 0.30/turn    (no ring)
MPRegen 0.11/turn

%: no teleportation
@: flux-form, glowing
A: glow, contaminating, (nimble swimmer 2), mertail
a: Begin Untransformation, Renounce Religion


You were in the Dungeon.
You worshipped Wu Jian.
Wu Jian was noncommittal.
You were something dangerously unstable.
You visited 1 branch You collected 417 gold pieces.

Inventory:

Armour
 a - a +0 animal skin (worn)
Talismans
 c - a beast talisman
 d - a flux talisman (active)
Wands
 b - a wand of paralysis (2)
Scrolls
 j - a scroll of blinking
Potions
 e - a potion of curing
 f - a potion of heal wounds
 g - a potion of haste
 h - 2 potions of magic


   Skills:
 + Level 5.4 Fighting
 + Level 8.0 Dodging
 - Level 1.2 Stealth
 * Level 14.1 Unarmed Combat
 + Level 11.4 Shapeshifting


You had 7 spell levels left.
You didn't know any spells.
Your spell library was empty.

Dungeon Overview and Level Annotations

Branches:
Dungeon (1/1)

Altars:
Cheibriados
Dithmenos
Elyvilon
Fedhas
Gozag
Hepliaklqana
Kikubaaqudgha
Makhleb
Nemelex Xobeh
Okawaru
Qazlal
Ru
Sif Muna
Trog
Uskayaw
Vehumet
Wu Jian
Xom
Yredelemnul
Zin
The Shining One
Jiyva
Lugonu

Shops:
D :


Innate Abilities, Weirdness & Mutations

You are something dangerously unstable.
You glow with magical radiation, making you easy to see and hit.
Foes you strike become dangerously contaminated with magical radiation.
You are incapable of wielding weapons or throwing items.
((You are very nimble when in or above water. (Stealth+, EV+, Speed+++)))
Your lower body shifts to a powerful aquatic tail in water.


Message History

There is an open door here.
There is a shimmering blue altar of Sif Muna here.
There is an open door here.
You now have 336 gold pieces (gained 27).
You now have 363 gold pieces (gained 27).
You now have 390 gold pieces (gained 27).
You now have 417 gold pieces (gained 27).
You open the door.
A deep troll comes into view.
The deep troll shouts!
Found 108 gold pieces.
You close the door.
A deep troll opens the door.
You hit the deep troll but do no damage.
The deep troll begins to glow.
The deep troll bites you! The deep troll claws you! The deep troll claws you.
You are too injured to fight recklessly!
You are too injured to fight recklessly!
You are too injured to fight recklessly!
You are too injured to fight recklessly!
You barely miss the deep troll. The deep troll misses you.
The deep troll closely misses you. The deep troll completely misses you.
You hit the deep troll but do no damage.
The deep troll glows dangerously bright.
You punch the deep troll!
The deep troll shudders as magic cascades through it.
The deep troll twists and deforms.
The deep troll is lightly wounded.
The deep troll barely misses you. x2; The deep troll claws you!
You closely miss the deep troll.
The deep troll is lightly wounded.
The deep troll misses you. The deep troll claws you!
* * * LOW HITPOINT WARNING * * *
The deep troll claws you but does no damage.
You punch the deep troll!
The deep troll begins to glow.
The deep troll is moderately wounded.
The deep troll bites you.
* * * LOW HITPOINT WARNING * * *
The deep troll claws you!
You die...

#..#####'#####'#__#
#..####..#...#(####§§
#..#__####..##.#§§§§c#
#..#_____##'#_.+§§~.§+
#⌠⌠#_.∩...'..._#~§~§c#
####_..__##_.#'##+####
#_____###'#(#
#########.####+###
+.pT'$$.$$+
#...####### ##.## #+#


You could see a deep troll (contam, misshapen).

Vanquished Creatures
  Sonja (D)
  Sigmund (D)
  A yak (D)
  An ogre (D)
  A jelly (D)
  Ijyb (D)
6 creatures vanquished.

Notes
Turn   | Place    | Note
-------+----------+-------------------------------------------
     0 | D        | Ordine the Merfolk Shapeshifter began the quest for the
                  | Orb.
     0 | D        | Reached XP level 1. HP: 15/15 MP: 1/1
     1 | D        | Noticed Ijyb
     3 | D        | Paralysed by Ijyb for 5 turns
    11 | D        | Killed Ijyb
    12 | D        | Reached skill level 5 in Unarmed Combat
    12 | D        | Reached skill level 5 in Shapeshifting
    12 | D        | Reached XP level 2. HP: 21/21 MP: 2/2
    12 | D        | Reached XP level 3. HP: 26/26 MP: 3/3
    47 | D        | Noticed an ogre
    55 | D        | Killed an ogre
    56 | D        | Reached skill level 8 in Unarmed Combat
    56 | D        | Reached XP level 4. HP: 25/33 MP: 4/4
    86 | D        | Noticed Sigmund
    96 | D        | Killed Sigmund
    97 | D        | Reached skill level 11 in Unarmed Combat
    97 | D        | Reached XP level 5. HP: 20/38 MP: 5/5
    97 | D        | Reached XP level 6. HP: 23/44 MP: 6/6
   194 | D        | Found an ornate altar of the Wu Jian Council.
   194 | D        | Found a shimmering blue altar of Sif Muna.
   196 | D        | Found a radiant altar of Vehumet.
   205 | D        | Became a worshipper of the Wu Jian Council
   254 | D        | Found Ycuas's Book Emporium.
   254 | D        | Found an ancient bone altar of Kikubaaqudgha.
   254 | D        | Found a hazy altar of Hepliaklqana.
   254 | D        | Found a hide-covered altar of Uskayaw.
   254 | D        | Found a basalt altar of Yredelemnul.
   254 | D        | Found an opulent altar of Gozag.
   254 | D        | Found a snail-covered altar of Cheibriados.
   254 | D        | Found a sacrificial altar of Ru.
   254 | D        | Found a shadowy altar of Dithmenos.
   254 | D        | Noticed a yak
   261 | D        | Killed a yak
   262 | D        | Reached skill level 5 in Dodging
   262 | D        | Reached skill level 1 in Stealth
   262 | D        | Reached skill level 12 in Unarmed Combat
   262 | D        | Reached skill level 10 in Shapeshifting
   262 | D        | Found a stormy altar of Qazlal.
   262 | D        | Found a blossoming altar of Fedhas.
   262 | D        | Found a bloodstained altar of Trog.
   262 | D        | Found an iron altar of Okawaru.
   262 | D        | Found a glowing golden altar of the Shining One.
   262 | D        | Found a glowing silver altar of Zin.
   262 | D        | Found a white marble altar of Elyvilon.
   263 | D        | Found a sparkling altar of Nemelex Xobeh.
   334 | D        | Noticed Sonja
   341 | D        | Killed Sonja
   342 | D        | Reached skill level 5 in Fighting
   342 | D        | Reached skill level 14 in Unarmed Combat
   342 | D        | Reached XP level 7. HP: 56/56 MP: 7/7
   342 | D        | Reached XP level 8. HP: 63/63 MP: 8/8
   395 | D        | Noticed a centaur warrior
   395 | D        | Noticed a centaur warrior
   403 | D        | Found a burning altar of Makhleb.
   403 | D        | Found a viscous altar of Jiyva.
   403 | D        | Found a shimmering altar of Xom.
   403 | D        | Found a corrupted altar of Lugonu.
   403 | D        | Noticed a slime creature
   430 | D        | Noticed a deep troll
   440 | D        | Slain by a deep troll

Illustrated notes

Levels and vault maps discovered:
D:        dungeon_sprint_1 [red_sonja_temple_1, red_sonja_temple_small_1]

Skill      XL: |  1  2  3  4  5  6 |
---------------+-------------------+-----
Dodging        | 3 4 8 |  8.0
Unarmed Combat | 5 8 11 14 | 14.1
Shapeshifting  | 5 7 9 11 | 11.4
Fighting       | 2 5 |  5.4
Stealth        | 1 |  1.2

Action                     |  1- 3 |  4- 6 |  7- 9 || total
---------------------------+-------+-------+-------++-------
  Melee: Unarmed           |    10 |    18 |     6 ||    34
Ability: Begin Untransform |       |     1 |       ||     1
    Use: Potion            |     1 |     1 |       ||     2
 Armour: Skin              |     1 |       |       ||     1
         Animal skin       |     1 |    11 |     8 ||    20
  Dodge: Dodged            |     4 |    10 |     6 ||    20
   Form: Flux              |       |     1 |       ||     1

Table legend: (Time is in decaauts)
 A = Elapsed time spent in this place.
 B = Non-inter-level travel time spent in this place.
 C = Inter-level travel time spent in this place.
 D = Time resting spent in this place.
 E = Time spent auto-exploring this place.
 F = Levels seen in this place.
 G = Mean time per level.
                   A        B        C        D        E       F      G
               +--------+--------+--------+--------+--------+-----+--------+
         Total |    446 |    446 |      0 |    132 |    180 |   1 |  446.0 |
       Dungeon |    446 |    446 |      0 |    132 |    180 |   1 |  446.0 |
               +--------+--------+--------+--------+--------+-----+--------+

Top non-repeatable levels by time:
       D: 446 daAuts
